 Dungeon Crawl Stone Soup version 0.23.0-3-gf3c87f2 (webtiles) character file.

Game seed: 4294212862135529861

5326 Kairos the Cudgeler (level 10, -4/51 HPs)
             Began as a Vine Stalker Skald on Feb 21, 2019.
             Slain by a komodo dragon (11 damage)
             ... on level 1 of the Lair of Beasts.
             The game lasted 00:17:30 (7263 turns).

Kairos the Cudgeler (Vine Stalker Skald)            Turns: 7263, Time: 00:17:31

Health: -4/51      AC: 15    Str: 21    XL:     10   Next: 64%
Magic:  0/27       EV: 12    Int: 13    God:
Gold:   451        SH:  0    Dex: 13    Spells: 18/19 levels left

rFire    . . .     SeeInvis .   p - +0 flail (protect)
rCold    . . .     Gourm    .   (no shield)
rNeg     . . .     Faith    .   l - +0 scale mail
rPois    .         Spirit   +   w - +0 helmet
rElec    .         Reflect  .   (no cloak)
rCorr    +         Harm     .   (no gloves)
MR       +....                  (no boots)
Stlth    +.........             (no amulet)
HPRegen  0.57/turn              h - ring of magical power
MPRegen  0.20/turn              D - ring "Foesoji" {rCorr +Fly Str+3 Slay+3}

@: infused, protection aura
A: fangs 3, regeneration 1, magic shield, antimagic bite, no potion heal 3, rot
immunity
a: Evoke Flight


You were on level 1 of the Lair of Beasts.
You were not hungry.

You visited 3 branches of the dungeon, and saw 10 of its levels.

You collected 451 gold pieces.

Inventory:

Hand Weapons
 a - a +0 hand axe
 p - a +0 flail of protection (weapon)
 t - a +3 hunting sling
Missiles
 m - 17 tomahawks (quivered)
 u - 307 stones
 A - 3 tomahawks of returning
 G - 2 throwing nets
Armour
 l - a +0 scale mail (worn)
 w - a +0 helmet (worn)
Jewellery
 h - a ring of magical power (left hand)
 o - an uncursed ring of flight
 D - the ring "Foesoji" (right hand) {rCorr +Fly Str+3 Slay+3}
   (You found it on level 6 of the Dungeon)

   [ring of resist corrosion]

   It affects your strength (+3).
   It affects your accuracy and damage with ranged weapons and melee attacks
   (+3).
   It lets you fly.
Wands
 v - a wand of random effects (11)
 y - a wand of polymorph (4)
 H - a wand of acid (7)
Scrolls
 b - 2 scrolls of random uselessness
 g - 2 scrolls of amnesia
 i - 4 scrolls of teleportation
 j - a scroll of immolation
 k - 2 scrolls of magic mapping
 s - a scroll of enchant weapon
 x - a scroll of fear
 B - a scroll of remove curse {unknown}
 E - a scroll of blinking
 F - a scroll of vulnerability {unknown}
 J - 2 scrolls of identify
 K - a scroll of fog {unknown}
Potions
 c - 3 potions of haste {unknown}
 e - 3 potions of heal wounds {unknown}
 f - a potion of cancellation {unknown}
 n - 2 potions of magic {unknown}
 q - a potion of lignification {unknown}
 r - 3 potions of curing {unknown}
 z - a potion of might
 C - a potion of flight {unknown}
 I - a potion of degeneration {unknown}
 L - a potion of berserk rage {unknown}
Comestibles
 d - 19 rations
 M - 4 chunks of flesh


   Skills:
 * Level 5.4 Fighting
 + Level 3.1(5.8) Axes
 * Level 7.7(8.0) Maces & Flails
 * Level 5.9 Armour
 * Level 4.2 Dodging
 * Level 3.1 Stealth
 * Level 5.2 Spellcasting
 * Level 5.7 Charms


You had 18 spell levels left.
You knew the following spells:

 Your Spells              Type           Power        Failure   Level  Hunger
a - Infusion              Chrm           ###.         4%          1    None

Your spell library contained the following spells:

 Spells                   Type           Power        Failure   Level  Hunger
 Song of Slaying          Chrm           ###.....     7%          2    ##.....
 Shroud of Golubria       Chrm/Tloc      ##........   22%         2    ##.....
 Regeneration             Chrm/Necr      ##........   38%         3    ###....
 Spectral Weapon          Hex/Chrm       ##......     38%         3    ###....
 Beastly Appendage        Tmut           #.....       43%         1    None
 Sticks to Snakes         Tmut           #.......     56%         2    ##.....
 Spider Form              Tmut/Pois      #.........   80%         3    ###....
 Ice Form                 Ice/Tmut       #.......     99%         4    ####...
 Blade Hands              Tmut           #.........   100%        5    ######.


Dungeon Overview and Level Annotations

Branches:
Dungeon (8/15)             Temple (1/1) D:6            Lair (1/6) D:8

Altars:
Ashenzari
Cheibriados
Dithmenos
Elyvilon
Fedhas
Gozag
Hepliaklqana
Kikubaaqudgha
Makhleb
Ru
Sif Muna
Trog
Uskayaw
Vehumet
Wu Jian
Xom
Yredelemnul
Zin
The Shining One

Annotations:
D:4 2 transporters, lextramoth's ghost, amateur GrFi
D:7 1 runed translucent door, feelmyfire's ghost, novice DgTm


Innate Abilities, Weirdness & Mutations

You have razor-sharp teeth.
Your natural rate of healing is unusually fast.
When hurt, damage is shared between your health and your magic reserves.
Your bite disrupts and absorbs the magic of your enemies.
Potions cannot restore your health.
You are immune to rotting.


Message History

You start resting.
Eating one of 5 chunks of flesh.
You eat one of the 5 chunks of flesh.
This raw flesh tastes terrible.
You feel sick.
You are no longer poisoned.
A komodo dragon comes into view.
Search for what [? for help]? oka Can't find anything matching that.
Unknown command.
The komodo dragon bites you!!
* * * LOW HITPOINT WARNING * * *
Casting: Infusion (safe; 4% risk of failure)
Confirm with . or Enter, or press ? or * to list all spells.
You begin infusing your attacks with magical energy.
The komodo dragon closely misses you.
You hit the komodo dragon.
Your weapon exudes an aura of protection.
Your bite misses the komodo dragon.
The komodo dragon is lightly wounded.
The komodo dragon bites you!!
You die...

#####....#......#..#
##....#......# ...
#.....#......#....
#.....#......#...
##....#..÷.......
#....#..........
#....#......#...
#.##....#.l....≈...
........#@....≈....
.........##.≈≈≈≈≈..
.............≈≈≈≈≈≈.
............≈≈≈≈≈...
............≈≈≈≈≈≈..
P.#......#.†≈≈≈≈≈..
..#.........≈≈≈≈≈..
#......#..≈≈≈≈≈≈.
#.......<..≈≈≈≈..


You could see a komodo dragon.

Vanquished Creatures
  A troll (D:8)
  Prince Ribbit (Temple)
  2 hippogriffs
  Eustachio (D:6)
  Grum (D:8)
  5 humans (D:6)
  A basilisk (Lair:1)
  2 water moccasins (Lair:1)
  2 ice beasts
  2 orc warriors (D:8)
  A phantom (D:5)
  2 necrophages
  A crocodile (Lair:1)
  3 ogres
  5 wolves (D:8)
  2 gnoll sergeants
  2 bullfrogs (D:7)
  2 scorpions
  2 howler monkeys (D:6)
  3 electric eels
  3 crimson imps
  A quasit (D:8)
  A jelly (D:7)
  7 hounds
  5 orc priests
  An iguana (D:5)
  5 worker ants
  Ijyb (D:3)
  9 orc wizards
  A killer bee zombie (D:6)
  Robin (D:3)
  15 gnolls
  6 adders
  2 shadow imps
  An ooze (D:1)
  2 adder skeletons (D:4)
  2 dart slugs
  4 worms
  4 leopard geckos
  22 orcs
  4 ball pythons
  7 giant cockroaches
  22 goblins
  10 hobgoblins
  3 jackals (D:3)
  16 kobolds
  4 quokkas
  10 bats
  8 frilled lizards
  A quokka skeleton (D:4)
  12 rats
231 creatures vanquished.

Notes
Turn   | Place    | Note
-------+----------+-------------------------------------------
     0 | D:1      | Kairos the Vine Stalker Skald began the quest for the Orb.
     0 | D:1      | Reached XP level 1. HP: 11/11 MP: 4/4
   179 | D:1      | Reached XP level 2. HP: 14/15 MP: 6/6
   614 | D:1      | Reached skill level 1 in Armour
   636 | D:1      | Reached XP level 3. HP: 17/18 MP: 7/7
  1038 | D:2      | Gained mutation: Your natural rate of healing is unusually
                  | fast. [Vine Stalker growth]
  1038 | D:2      | Reached XP level 4. HP: 23/23 MP: 8/8
  1115 | D:2      | Found a shattered altar of Ashenzari.
  1116 | D:2      | Found a blossoming altar of Fedhas.
  1686 | D:3      | Reached XP level 5. HP: 27/27 MP: 9/9
  1876 | D:3      | Noticed Robin
  2142 | D:3      | Reached skill level 1 in Maces & Flails
  2224 | D:3      | Noticed Ijyb
  2244 | D:3      | Killed Ijyb
  2244 | D:3      | Reached XP level 6. HP: 32/32 MP: 10/10
  2458 | D:3      | Reached skill level 2 in Maces & Flails
  2479 | D:3      | Killed Robin
  2862 | D:4      | Found a transporter.
  2863 | D:4      | Found a transporter.
  2863 | D:4      | Noticed lextramoth's ghost (amateur GrFi)
  3076 | D:4      | Reached XP level 7. HP: 19/36 MP: 11/11
  3132 | D:4      | Found an ancient bone altar of Kikubaaqudgha.
  3326 | D:5      | Entered Level 5 of the Dungeon
  3376 | D:5      | Reached skill level 3 in Maces & Flails
  3535 | D:5      | Found a burning altar of Makhleb.
  3552 | D:5      | Found a radiant altar of Vehumet.
  3722 | D:5      | Found a shattered altar of Ashenzari.
  3827 | D:5      | Reached skill level 4 in Maces & Flails
  4151 | D:6      | Noticed Eustachio
  4167 | D:6      | Killed Eustachio
  4167 | D:6      | Gained mutation: You have razor-sharp teeth. [Vine Stalker
                  | growth]
  4167 | D:6      | Reached XP level 8. HP: 35/42 MP: 12/12
  4482 | D:6      | Got a scorched golden ring
  4535 | D:6      | Found a staircase to the Ecumenical Temple.
  4588 | D:6      | Noticed Prince Ribbit
  4594 | Temple   | Entered the Ecumenical Temple
  4708 | Temple   | Killed Prince Ribbit
  4708 | Temple   | Reached skill level 5 in Maces & Flails
  4901 | D:6      | Reached XP level 9. HP: 46/46 MP: 15/15
  5054 | D:6      | Reached skill level 6 in Maces & Flails
  5376 | D:6      | Identified the ring "Foesoji" {rCorr +Fly Str+3 Slay+3}
                  | (You found it on level 6 of the Dungeon)
  5443 | D:7      | Noticed a gargoyle
  5547 | D:7      | Found a snail-covered altar of Cheibriados.
  5733 | D:7      | Found a runed translucent door.
  5733 | D:7      | Found a shimmering altar of Xom.
  5733 | D:7      | Noticed a +6 trident of chaos
  5733 | D:7      | Noticed feelmyfire's ghost (novice DgTm)
  5836 | D:7      | Reached skill level 5 in Charms
  5861 | D:7      | Reached skill level 5 in Armour
  6045 | D:7      | Found a bloodstained altar of Trog.
  6225 | D:8      | Reached skill level 1 in Stealth
  6424 | D:8      | Reached skill level 5 in Fighting
  6586 | D:8      | Reached XP level 10. HP: 51/51 MP: 18/18
  6649 | D:8      | Reached skill level 7 in Maces & Flails
  6662 | D:8      | Noticed Grum
  6709 | D:8      | Killed Grum
  6709 | D:8      | Reached skill level 5 in Spellcasting
  6874 | D:8      | Found a staircase to the Lair.
  7167 | Lair:1   | Entered Level 1 of the Lair of Beasts
  7263 | Lair:1   | Slain by a komodo dragon

Skill      XL: |  1  2  3  4  5  6  7  8  9 10 |
---------------+-------------------------------+-----
Axes           | 2 3 |  3.1
Armour         | 1 2 3 4 5 |  5.9
Fighting       | 2 3 4 5 |  5.4
Dodging        | 2 3 4 |  4.2
Maces & Flails | 1 2 4 5 6 7 |  7.7
Spellcasting   | 3 4 5 |  5.2
Charms         | 4 5 |  5.7
Stealth        | 1 3 |  3.1

Action                   |  1- 3 |  4- 6 |  7- 9 | 10-12 || total
-------------------------+-------+-------+-------+-------++-------
Melee: Hand axe          |   112 |    84 |       |       ||   196
       Bite              |    26 |    74 |   134 |    47 ||   281
       Flail             |       |   241 |   474 |   146 ||   861
 Cast: Infusion          |       |     1 |       |     3 ||     4
  Use: Scroll            |     4 |       |     7 |       ||    11
  Eat: Chunk             |       |     6 |     4 |     2 ||    12
       Ration            |       |       |     3 |       ||     3
Armor: Leather armour    |    42 |       |       |       ||    42
       Ring mail         |     5 |       |       |       ||     5
       Scale mail        |     3 |   195 |   251 |    94 ||   543
Dodge: Dodged            |    84 |   214 |   289 |   115 ||   702
